 Dungeon Crawl Stone Soup version 0.27-a0-1384-g1422d76b99 (webtiles) character file.

Game seed: 1535335958048374360

2508 dinky3 the Covert (level 9, -1/69 HPs)
             Began as a Vampire Delver on June 30, 2021.
             Was a Believer of Wu Jian.
             Slain by a yak (9 damage)
             ... on level 8 of the Dungeon.
             The game lasted 00:12:19 (2549 turns).

dinky3 the Covert (Vampire Delver)                  Turns: 2549, Time: 00:12:20

Health: -1/69      AC:  8    Str: 19    XL:     9   Next: 28%
Magic:  1/9        EV: 15    Int: 14    God:    Wu Jian [**....]
Gold:   191        SH:  0    Dex: 15    Spells: 4/8 levels left

rFire    . . .     SeeInvis +   c - +5 rapier (protect)
rCold    . . .     Faith    +   (no shield)
rNeg     . . .     Spirit   .   b - +0 steam dragon scales
rPois    .         Reflect  .   u - +0 helmet
rElec    .         Harm     .   y - +0 cloak
rCorr    .         Rampage  .   (no gloves)
Will     .....                  i - +0 pair of boots {Stlth+}
Stlth    ++++++....             d - amulet of faith
HPRegen  0.41/turn              n - ring of wizardry
MPRegen  0.11/turn              w - +6 ring of strength

@: very slightly contaminated, healing quickly, slowed, very slow
A: alive, fangs 3, see invisible, vampiric 2
a: Exsanguinate, Renounce Religion, Wall Jump


You were on level 8 of the Dungeon.
You worshipped Wu Jian.
Wu Jian was pleased with you.
You visited 2 branches of the dungeon, and saw 9 of its levels.

You collected 366 gold pieces.
You spent 175 gold pieces at shops.

Inventory:

Hand Weapons
 a - a +0 short sword
 c - a +5 rapier of protection (weapon)
 j - a +0 long sword
 k - a +1 dagger
 o - a +0 lajatang
 v - the +2 short sword of the Dungeon {vorpal, rCorr Str+4 Int-5 Dex+3}
   (You took it off an orc on level 6 of the Dungeon)

   It inflicts extra damage upon your enemies.
   Str:       It affects your strength (+4).
   Int:       It affects your intelligence (-5).
   Dex:       It affects your dexterity (+3).
   rCorr:     It protects you from acid and corrosion.
Missiles
 m - 19 poisoned darts (quivered)
Armour
 b - +0 steam dragon scales (worn)
 i - a +0 pair of boots of stealth (worn)
 r - a +0 ring mail
 u - a +0 helmet (worn)
 y - a +0 cloak (worn)
Jewellery
 d - an amulet of faith (around neck)
 n - a ring of wizardry (left hand)
 w - a +6 ring of strength (right hand)
Wands
 g - a wand of digging (1)
 l - a wand of charming (13)
 s - a wand of polymorph (11)
 t - a wand of iceblast (11)
 B - a wand of paralysis (5)
 D - a wand of flame (17)
Scrolls
 e - 2 scrolls of fear
 h - 2 scrolls of identify
 q - 5 scrolls of teleportation
 x - 3 scrolls of magic mapping
 z - a scroll of noise
 C - a scroll of blinking
Potions
 f - a potion of flight
 p - a potion of attraction
 A - a potion of invisibility {unknown}


   Skills:
 + Level 6.1 Fighting
 + Level 7.0 Short Blades
 + Level 7.0 Dodging
 + Level 11.6 Stealth
 + Level 2.6 Evocations


You had 4 spell levels left.
You knew the following spells:

 Your Spells              Type           Power      Damage    Failure   Level
a - Apportation           Tloc           0%         N/A       12%         1
b - Dazzling Flash        Conj/Hex       0%         N/A       32%         3

Your spell library contained the following spells:

 Spells                   Type           Power      Damage    Failure   Level
 Animate Skeleton         Necr           0%         N/A       12%         1
 Corona                   Hex            0%         N/A       12%         1
 Magic Dart               Conj           0%         1d3       12%         1
 Summon Small Mammal      Summ           0%         N/A       12%         1
 Searing Ray              Conj           0%         3d3       17%         2
 Fulminant Prism          Conj/Hex       0%         3d6       71%         4
 Iskenderun's Mystic Bla  Conj/Tloc      0%         2d3       71%         4


Dungeon Overview and Level Annotations

Branches:
Dungeon (9/15)             Temple (1/1) D:4
   Lair: D:8-11         Orc: D:9-12

Altars:
Ashenzari
Cheibriados
Elyvilon
Fedhas
Gozag
Hepliaklqana
Kikubaaqudgha
Makhleb
Nemelex Xobeh
Okawaru
Qazlal
Ru
Sif Muna
Trog
Uskayaw
Vehumet
Wu Jian
Yredelemnul
Zin
The Shining One

Shops:
D:3 [   D:6 (   D:7 ?

Annotations:
D:4 Grinder


Innate Abilities, Weirdness & Mutations

Your natural rate of healing is accelerated.
You have razor-sharp teeth.
You have supernaturally acute eyesight. (SInv)
You are afflicted with vampirism and can become a bat while bloodless.


Message History

Your weapon exudes an aura of protection.
The yak is moderately wounded.
The yak gores you but does no damage.
Casting: Apportation (safe; 12% risk of failure)
Confirm with . or Enter, or press ? or * to list all spells.
Okay, then.
Casting: Apportation (safe; 12% risk of failure)
Confirm with . or Enter, or press ? or * to list all spells.
The yak is dazzled.
The yak gores you. The yak barely misses you.
You barely miss the yak.
The yak is heavily wounded.
The yak completely misses you.
You strike the helpless yak from behind!
You impale the yak!!
You kill the yak!
The Council accepts your kill.
Your Short Blades skill increases to level 7!
Your Dodging skill increases to level 7!
You spin and attack the yak.
You puncture the yak!
The yak is heavily wounded.
The yak gores you.
There is a stone staircase leading up here.
The yak gores you!
* * * LOW HITPOINT WARNING * * *
You climb upwards.
There is a stone staircase leading down here.
Casting: Dazzling Flash (dangerous; 32% risk of failure)
Confirm with . or Enter, or press ? or * to list all spells.
You miscast Dazzling Flash.
You are very lightly contaminated with residual magic.
Nothing appears to happen.
The yak misses you.
Unknown command.
Casting: Dazzling Flash (dangerous; 32% risk of failure)
Confirm with . or Enter, or press ? or * to list all spells.
You miscast Dazzling Flash.
Multicoloured lights dance before your eyes.
You feel yourself slow down. The yak gores you!
* * * LOW HITPOINT WARNING * * *
The yak gores you!
You die...

#.....## ....# #.##..#
# ##### 8...8 #.#.#.#
#.##..# # #...# ##_##
#.#.#.###.##..#####
#.#########
#.................#
#.# #...#
#.#.......###.###.#
#.# ##..## #.#.......#
#.# #.# #.# #...##
#.#.......###.###.#
#.# #.#..#
#.#................
#.# #....#
#.@.......#######.#
#.#
####.####.#Y......#
#.# #.##
#....#.#.......# #.#
#..#
####.#.####.##.....
..# ##.#
#####.#.####.#######
### #.#
#.............. ..#
##.## #.###..#####.##
#.# ##.#.###.# #..#
#.# #.#
##.###.##.###..#####.#
#.#


You could see a yak.

Vanquished Creatures
  Maurice (D:8)
  4 yaks
  2 steam dragons (D:8)
  A water moccasin (D:8)
  A sky beast (D:8)
  4 centaurs
  3 bullfrogs
  A wyvern zombie (D:5)
  2 scorpions
  A howler monkey (D:5)
  A centaur zombie (D:7)
  2 hounds
  2 orc priests (D:6)
  An iguana (D:6)
  6 orc wizards
  A hound skeleton (D:4)
  An adder (D:5)
  2 dart slugs
  12 orcs
  2 endoplasms
  2 goblins (D:2)
  A hobgoblin (D:2)
  4 jackals (D:2)
  2 quokkas
  2 ball pythons
  3 bats (D:2)
  2 frilled lizards
  A kobold (D:2)
67 creatures vanquished.

Vanquished Creatures (collateral kills)
  An orc (D:6)
1 creature vanquished.

Vanquished Creatures (others)
  An orc priest (D:6)
1 creature vanquished.

Grand Total: 69 creatures vanquished

Notes
Turn   | Place    | Note
-------+----------+-------------------------------------------
     0 | D:5      | dinky3 the Vampire Delver began the quest for the Orb.
     0 | D:5      | Reached XP level 1. HP: 17/17 MP: 1/1
    27 | D:5      | Reached XP level 2. HP: 9/18 MP: 2/2
   162 | D:5      | Noticed an ogre
   181 | D:4      | Noticed a black bear
   218 | D:4      | Found a staircase to the Ecumenical Temple.
   246 | Temple   | Entered the Ecumenical Temple
   292 | Temple   | Became a worshipper of the Wu Jian Council
   356 | D:4      | Noticed Grinder
   375 | D:4      | Noticed a black bear
   395 | D:3      | Found Diyletza's Armour Boutique.
   430 | D:2      | Gained mutation: You are afflicted with vampirism and can
                  | become a bat while bloodless. [Vampire growth]
   430 | D:2      | Reached XP level 3. HP: 23/23 MP: 3/3
   457 | D:2      | Noticed a scorpion
   463 | D:2      | Killed a scorpion
   464 | D:2      | Reached skill level 8 in Stealth
   464 | D:2      | Reached XP level 4. HP: 28/28 MP: 4/4
   656 | D:2      | Identified a scroll of acquirement
   659 | D:2      | Acquired a +3 rapier of protection
   675 | D:3      | Reached * piety under Wu Jian
   744 | D:3      | Acquired a +0 pair of boots of stealth
   809 | D:4      | Noticed an ogre
   860 | D:4      | Noticed a scorpion
   894 | D:5      | Reached XP level 5. HP: 36/36 MP: 5/5
  1006 | D:6      | Reached XP level 6. HP: 15/43 MP: 6/6
  1155 | D:7      | Found a hazy altar of Hepliaklqana.
  1158 | D:7      | Found a radiant altar of Vehumet.
  1171 | D:7      | Found a blossoming altar of Fedhas.
  1183 | D:7      | Reached skill level 9 in Stealth
  1252 | D:6      | Learned a level 1 spell: Apportation
  1284 | D:6      | Found Wogef's Weapon Shop.
  1420 | D:6      | Noticed a steam dragon
  1464 | D:5      | Noticed an orc warrior
  1483 | D:6      | Reached XP level 7. HP: 43/54 MP: 7/7
  1608 | D:6      | Reached ** piety under Wu Jian
  1608 | D:6      | Identified the +2 short sword of the Dungeon {vorpal, rCorr
                  | Str+4 Int-5 Dex+3}
  1674 | D:6      | Reached skill level 5 in Short Blades
  1674 | D:6      | Reached skill level 5 in Dodging
  1749 | D:7      | Found Acwu's Magic Scroll Emporium.
  1775 | D:7      | Bought a scroll of teleportation for 33 gold pieces
  1775 | D:7      | Bought a scroll of teleportation for 33 gold pieces
  1775 | D:7      | Bought a scroll of teleportation for 33 gold pieces
  1775 | D:7      | Bought a scroll of magic mapping for 38 gold pieces
  1775 | D:7      | Bought a scroll of magic mapping for 38 gold pieces
  1900 | D:8      | Reached skill level 10 in Stealth
  1934 | D:8      | Noticed Maurice
  1941 | D:8      | Killed Maurice
  1942 | D:8      | Reached skill level 5 in Fighting
  1942 | D:8      | Reached XP level 8. HP: 62/62 MP: 8/8
  1955 | D:8      | Learned a level 3 spell: Dazzling Flash
  2009 | D:8      | Reached skill level 1 in Evocations
  2069 | D:8      | Found a broken altar of Ashenzari.
  2161 | D:8      | Reached skill level 11 in Stealth
  2251 | D:8      | Found a snail-covered altar of Cheibriados.
  2321 | D:8      | Reached XP level 9. HP: 51/69 MP: 9/9
  2489 | D:9      | Noticed a two-headed ogre
  2549 | D:8      | Slain by a yak

Illustrated notes

Levels and vault maps discovered:
D:2:      layout_basic, serial_curves, eino_curves_02, eino_curves_01,
          hellmonk_ecumenical_altar_dog_temple, basic_altar
D:3:      layout_rooms, serial_shops, nicolae_shop_stone,
          corexii_leaking_fountain
D:4:      layout_rooms, minmay_temple_entry_statues_fountains, uniq_grinder
D:5:      layout_cave_pools
D:6:      layout_layer_cave, serial_shops, kennysheep_mini,
          grunt_decor_arrowhead
D:7:      layout_loops_ring, grunt_temple_overflow_cloverleaf, serial_shops,
          shop_coins
D:8:      layout_loops_ring, nicolae_overflow_hidden_temple,
          cheibrodos_worm_habitat, uniq_maurice
D:9:      layout_small_grid, erik_lair_island, special_room [special_room_bee]
Temple:   nicolae_temple_elliptical

Skill      XL: |  1  2  3  4  5  6  7  8  9 |
---------------+----------------------------+-----
Fighting       | 3 4 5 6 |  6.1
Short Blades   | 3 4 5 6 7 |  7.0
Dodging        | 3 4 5 6 7 |  7.0
Stealth        | 8 9 10 11 | 11.6
Evocations     | 2 |  2.6

Action                   |  1- 3 |  4- 6 |  7- 9 || total
-------------------------+-------+-------+-------++-------
Melee: Short sword       |    26 |       |       ||    26
       Bite              |     3 |    14 |    10 ||    27
       Dagger            |     1 |    44 |       ||    45
       Rapier            |       |    76 |   107 ||   183
       Long sword        |       |    12 |       ||    12
Throw: Dart              |       |     3 |       ||     3
 Cast: Dazzling Flash    |       |       |     1 ||     1
Invok: Lunge             |     1 |    12 |     7 ||    20
       Whirlwind         |       |    18 |     8 ||    26
 Abil: Exsanguinate      |     1 |       |       ||     1
       Revivify          |       |     1 |       ||     1
Evoke: Wand              |       |     9 |     3 ||    12
  Use: Scroll            |     1 |     9 |     3 ||    13
       Potion            |     1 |     2 |       ||     3
 Stab: Sleeping          |     5 |     6 |     8 ||    19
       Distracted        |       |     1 |       ||     1
       Paralysed         |       |     3 |     1 ||     4
       Invisible         |       |       |     1 ||     1
Armor: Leather armour    |     5 |    34 |    25 ||    64
       Ring mail         |       |       |    14 ||    14
       Steam dragon scal |       |       |    18 ||    18
Dodge: Dodged            |    12 |    88 |    98 ||   198
       Rpst.: Long sword |       |     5 |       ||     5

Table legend: (Time is in decaauts)
 A = Elapsed time spent in this place.
 B = Non-inter-level travel time spent in this place.
 C = Inter-level travel time spent in this place.
 D = Time resting spent in this place.
 E = Time spent auto-exploring this place.
 F = Levels seen in this place.
 G = Mean time per level.
                   A        B        C        D        E       F      G
               +--------+--------+--------+--------+--------+-----+--------+
         Total |   2507 |   2321 |    186 |    204 |      0 |   9 |  278.6 |
       Dungeon |   2420 |   2234 |    186 |    204 |      0 |   8 |  302.5 |
        Temple |     87 |     87 |      0 |      0 |      0 |   1 |   87.0 |
               +--------+--------+--------+--------+--------+-----+--------+

Top non-repeatable levels by time:
     D:8: 541 daAuts
     D:6: 498 daAuts
     D:7: 383 daAuts
     D:5: 288 daAuts
     D:2: 247 daAuts
     D:4: 203 daAuts
     D:3: 151 daAuts
     D:9: 106 daAuts
  Temple: 87 daAuts
